 Dungeon Crawl Stone Soup version 0.24-a0-525-g9231cdcba1 (webtiles) character file.

Game seed: 16381105508235759968

249 Gargoyl the Skirmisher (level 5, -4/46 HPs)
             Began as a Centaur Abyssal Knight on Aug 4, 2019.
             Was a Believer of Lugonu.
             Slain by a centaur (7 damage)
             ... on level 5 of the Dungeon.
             The game lasted 00:05:19 (2984 turns).

Gargoyl the Skirmisher (Centaur Abyssal Knight)     Turns: 2984, Time: 00:05:19

Health: -4/46      AC:  8    Str: 15    XL:     5   Next: 87%
Magic:  7/7        EV:  4    Int: 11    God:    Lugonu [**....]
Gold:   103        SH:  0    Dex:  9    Spells: 4/4 levels left

rFire    . . .     SeeInvis .   a - +2 hand axe
rCold    . . .     Gourm    .   (no shield)
rNeg     . . .     Faith    .   i - +1 chain mail
rPois    .         Spirit   .   (no helmet)
rElec    .         Reflect  .   (no cloak)
rCorr    .         Harm     .   (no gloves)
MR       .....                  (no barding)
Stlth    ..........             (no amulet)
HPRegen  0.15/turn              (no ring)
MPRegen  0.10/turn              (no ring)

@: flying, very quick
A: large, hooves 3, deformed body, speed 2, tough skin 3
a: Depart the Abyss, Bend Space, Renounce Religion


You were on level 5 of the Dungeon.
You worshipped Lugonu.
Lugonu was pleased with you.
You were hungry.

You visited 1 branch of the dungeon, and saw 5 of its levels.
You visited the Abyss 1 time.

You collected 103 gold pieces.

Inventory:

Hand Weapons
 a - a +2 hand axe (weapon)
Missiles
 h - 7 boomerangs (quivered)
Armour
 i - a +1 chain mail (worn)
Wands
 e - a wand of flame (12)
Scrolls
 f - 3 scrolls of teleportation
Potions
 g - a potion of curing
Comestibles
 c - 3 rations


   Skills:
 + Level 3.7 Fighting
 + Level 3.3 Axes
 * Level 2.6 Armour
 * Level 1.6 Dodging
 * Level 3.1 Invocations


You had 4 spell levels left.
You didn't know any spells.
Your spell library was empty.

Dungeon Overview and Level Annotations

Branches:
Dungeon (6/15)
 Temple: D:4-7

Altars:


Innate Abilities, Weirdness & Mutations

You have hooves in place of feet.
Armour fits poorly on your strangely shaped body.
You cover ground very quickly.
You have extremely tough skin. (AC +3)


Message History

The centaur hits you but does no damage.
There is an open door, spattered with blood here.
You see here an arrow.
You feel very buoyant.
You fly up into the air.
The centaur hits you but does no damage. x2
You hit the centaur. Your kick misses the centaur.
The centaur is lightly wounded.
You hit the centaur. The centaur completely misses you.
The centaur hits you. x2
* * * LOW HITPOINT WARNING * * *
The centaur hits you.
* * * LOW HITPOINT WARNING * * *
You hit the centaur.
The centaur is moderately wounded.
You closely miss the centaur. The centaur hits you.
* * * LOW HITPOINT WARNING * * *
The centaur completely misses you. The centaur hits you.
* * * LOW HITPOINT WARNING * * *
The centaur hits you!
You die...

##### #...#
#######.#.########
..............".>#
######'##########
#### #....# .....
#....#
#.....###....#
#.....'c@c...#
#.....###....#
#.... #....# #...
#....# ### #....#
#....# #....#
#....#


You could see 2 centaurs.

Vanquished Creatures
  A sky beast (D:6)
  7 adders
  An ooze (D:1)
  4 worms
  2 dart slugs
  A ball python (D:1)
  8 bats
  4 giant cockroaches
  10 goblins
  5 hobgoblins
  9 jackals
  A frilled lizard (D:2)
  11 kobolds
  9 rats
73 creatures vanquished.

Notes
Turn   | Place    | Note
-------+----------+-------------------------------------------
     0 | Abyss:1  | Gargoyl the Centaur Abyssal Knight began the quest for the
                  | Orb.
     0 | Abyss:1  | Reached XP level 1. HP: 19/19 MP: 2/2
    10 | Abyss:1  | Found a corrupted altar of Lugonu.
    60 | Abyss:2  | Found a corrupted altar of Lugonu.
   118 | Abyss:2  | Noticed a thrashing horror
   118 | Abyss:2  | Noticed a thrashing horror
   119 | D:1      | Escaped the Abyss
   156 | D:1      | Reached * piety under Lugonu
   262 | D:1      | Reached XP level 2. HP: 25/26 MP: 3/3
   643 | D:1      | Reached skill level 1 in Dodging
   719 | D:1      | Reached XP level 3. HP: 19/31 MP: 4/4
  1576 | D:2      | Reached ** piety under Lugonu
  1863 | D:2      | Reached XP level 4. HP: 38/38 MP: 5/5
  2538 | D:3      | Reached XP level 5. HP: 34/45 MP: 7/7
  2830 | D:3      | You fall into a shaft and drop 3 floors!
  2832 | D:6      | Noticed a sky beast
  2850 | D:6      | HP: 1/45 [something (6)]
  2861 | D:6      | Killed a sky beast
  2878 | D:5      | Entered Level 5 of the Dungeon
  2972 | D:5      | Noticed a centaur
  2972 | D:5      | Noticed a centaur
  2984 | D:5      | Slain by a centaur

Levels and vault maps discovered:
D:1:      ncdulo_halloftheorcs, layout_basic, grunt_decor_cap
D:2:      layout_loops_corners
D:3:      layout_basic
D:5:      layout_basic, kennysheep_mini_moat, first_ration
D:6:      layout_loops_ring, okawaru_gym_becter

Skill      XL: |  1  2  3  4  5 |
---------------+----------------+-----
Axes           | 2 3 |  3.3
Dodging        | 1 |  1.6
Armour         | 2 |  2.6
Invocations    | 3 |  3.1
Fighting       | |  3.7

Action                   |  1- 3 |  4- 6 || total
-------------------------+-------+-------++-------
Melee: Hand axe          |   112 |    98 ||   210
       Kick              |    19 |    18 ||    37
Invok: Depart the Abyss  |     1 |       ||     1
  Use: Potion            |     1 |     6 ||     7
       Scroll            |     7 |     3 ||    10
  Eat: Chunk             |     2 |     2 ||     4
Armor: Ring mail         |    53 |       ||    53
       Chain mail        |    27 |    83 ||   110
Dodge: Dodged            |    54 |    29 ||    83

Table legend:
 A = Non-vault XP
 B = Vault XP
 C = Vault XP percentage of total XP
 D = Non-vault monster count
 E = Vault monster count
 F = Vault count percentage of total count
                 A         B        C        D         E       F
            +---------+---------+-------+---------+---------+-------
      Total |     357 |       0 |   0.0 |      73 |       0 |   0.0
            +---------+---------+-------+---------+---------+-------
        D:1 |      48 |       0 |   0.0 |      24 |       0 |   0.0
        D:2 |     122 |       0 |   0.0 |      32 |       0 |   0.0
        D:3 |      41 |       0 |   0.0 |      15 |       0 |   0.0
        D:6 |     146 |       0 |   0.0 |       2 |       0 |   0.0
            +---------+---------+-------+---------+---------+-------
